 Dungeon Crawl Stone Soup version 0.27.1 (webtiles) character file.

Game seed: 7266163438426981702

2956 MajorAdolf the Slicer (level 9, 0/72 (78) HPs)
             Began as a Naga Wanderer on Aug 24, 2021.
             Was an Initiate of Dithmenos.
             Slain by a wight (2 damage)
             ... on level 9 of the Dungeon.
             The game lasted 00:26:21 (17750 turns).

MajorAdolf the Slicer (Naga Wanderer)              Turns: 17750, Time: 00:26:22

HP:   0/72 (78)     AC: 10    Str: 14    XL:     9   Next: 81%
MP:   18/18         EV:  4    Int: 18    God:    Dithmenos [......]
Gold: 225           SH: 16    Dex:  9    Spells: 8/8 levels left

rFire    . . .     SeeInvis +   f - +3 short sword (venom)
rCold    . . .     Faith    .   n - +2 tower shield {reflect}
rNeg     . . .     Spirit   .   e - +0 robe
rPois    +         Reflect  +   (no helmet)
rElec    .         Harm     .   t - +0 cloak
rCorr    .         Rampage  .   p - +0 pair of gloves
Will     +....                  s - +0 barding
Stlth    +++.......             (no amulet)
HPRegen  0.22/turn              d - ring of magical power
MPRegen  0.16/turn              (no ring)

@: drained, very slow
A: AC +3, large, see invisible, deformed body, poison resistance, slowness 2,
spit poison 1, naga tail 1
a: Spit Poison, Renounce Religion


You were on level 9 of the Dungeon.
You worshipped Dithmenos.
Dithmenos was noncommittal.
You visited 2 branches of the dungeon, and saw 10 of its levels.

You collected 412 gold pieces.
You spent 187 gold pieces at shops.

Inventory:

Hand Weapons
 a - a +2 dagger
 c - a +0 spear
 f - a +3 short sword of venom (weapon)
 i - a +2 dagger of pain
 o - a +2 whip of electrocution
Missiles
 b - 5 curare-tipped darts
 m - 23 poisoned darts
Armour
 e - a +0 robe (worn)
 g - a +0 scale mail of fire resistance
 n - a +2 tower shield of reflection (worn)
 p - a +0 pair of gloves (worn)
 s - a +0 barding (worn)
 t - a +0 cloak (worn)
Magical Staves
 z - a staff of cold
Jewellery
 d - a ring of magical power (left hand)
 k - a +6 ring of dexterity
 q - an amulet of regeneration
Wands
 A - a wand of digging (3)
Scrolls
 l - a scroll of fog
Potions
 j - 2 potions of flight
 r - a potion of mutation
 u - a potion of heal wounds {unknown}
 v - a potion of resistance {unknown}
 B - 2 potions of magic


   Skills:
 - Level 4.0 Fighting
 + Level 9.3 Short Blades
 - Level 1.0(1.6) Axes
 - Level 2.0(2.1) Polearms
 - Level 1.0 Throwing
 - Level 5.0 Stealth
 + Level 7.4 Shields
 - Level 1.0 Evocations


You had 8 spell levels left.
You didn't know any spells.
Your spell library contained the following spells:

 Spells                   Type           Power      Damage    Failure   Level
 Summon Small Mammal      Summ           0%         N/A       75%         1
 Call Canine Familiar     Summ           0%         N/A       98%         3
 Summon Guardian Golem    Hex/Summ       0%         N/A       98%         3


Dungeon Overview and Level Annotations

Branches:
Dungeon (9/15)             Temple (1/1) D:7
   Lair: D:8-11         Orc: D:9-12

Altars:
Ashenzari
Cheibriados
Dithmenos
Elyvilon
Gozag
Kikubaaqudgha
Nemelex Xobeh
Okawaru
Qazlal
Ru
Trog
Uskayaw
Vehumet
Xom
Yredelemnul
The Shining One

Shops:
D:1 [!::   D:3 [*   D:4 (*=   D:7 (

Annotations:
D:3 1 runed translucent door, Crazy Yiuf
D:4 exclusion: phantom
D:5 exclusion: ogre
D:7 Harold
D:8 Gastronok


Innate Abilities, Weirdness & Mutations

Your serpentine skin is tough. (AC +3)
You have supernaturally acute eyesight. (SInv)
Armour fits poorly on your strangely shaped body.
Your system is resistant to poisons. (rPois)
You cover ground very slowly.
You can spit poison.
You have a snake-like lower body.


Message History

You block the wight's attack.
You hit the wight but do no damage.
The wight is lightly damaged.
The wight hits you with a +0 morningstar!
* * * LOW HITPOINT WARNING * * *
You feel drained.
* * * LOW HITPOINT WARNING * * *
Unknown command.
You hit the wight but do no damage.
The wight is lightly damaged.
You block the wight's attack.
Unknown command.
Unknown command.
You feel better. You block the wight's attack.
Unknown command.
Okay, then.
Okay, then.
You barely miss the wight.
The wight is lightly damaged.
You block the wight's attack.
You hit the wight.
The wight is moderately damaged.
You hit the wight.
The wight is heavily damaged.
You block the wight's attack.
You closely miss the wight.
The wight is heavily damaged.
You block the wight's attack.
You hit the wight.
The wight is severely damaged.
The wight completely misses you.
You hit the wight but do no damage.
The wight is severely damaged.
You block the wight's attack.
You hit the wight.
The wight is severely damaged.
The wight hits you with a +0 morningstar!
* * * LOW HITPOINT WARNING * * *
You feel drained.
You die...

#......................).
#.. #...................
##.. ##..................
##... #.......###.#.......
#....###........#.##..####.
#..........#......##.##
#..........#..........####.
#.......z)................
####.....@.#.....##.###...
######.....##.......## ..
#....................# .
#.......................
##.....#........#.......
##....##.<#.####.......
###..##...#.....#.......
#....#.......... ....#.
##...........###...###


You could see a wight.

Vanquished Creatures
  Sigmund (D:2)
  A steam dragon (D:7)
  A water moccasin (D:7)
  Duvessa (D:4)
  A hornet zombie (D:7)
  An ice beast (D:6)
  2 orc warriors
  A black bear (D:5)
  3 sky beasts (D:7)
  2 ogres (D:7)
  A centaur (D:9)
  A kobold brigand (D:7)
  3 phantoms (D:6)
  A gnoll sergeant (D:5)
  Dowan (D:4)
  A scorpion (D:4)
  5 killer bees
  A water moccasin skeleton (D:5)
  2 wights
  2 howler monkeys
  2 bullfrog zombies
  A centaur zombie (D:7)
  A hound (D:5)
  2 orc priests
  A centaur skeleton (D:6)
  Jessica (D:3)
  Ijyb (D:3)
  A scorpion zombie (D:5)
  2 iguanas
  2 orc wizards
  A hound zombie (D:5)
  3 gnolls
  A howler monkey skeleton (D:4)
  5 adders
  A shadow imp (D:7)
  A white imp (D:5)
  2 worms (D:2)
  3 dart slugs
  19 orcs
  3 ball pythons
  5 endoplasms
  2 giant cockroaches
  4 goblins
  8 hobgoblins
  3 quokkas
  6 bats
  3 frilled lizards
  19 kobolds
  7 rats
142 creatures vanquished.

Notes
Turn   | Place    | Note
-------+----------+-------------------------------------------
     0 | D:1      | MajorAdolf the Naga Wanderer began the quest for the Orb.
     0 | D:1      | MajorAdolf set off with the following items: a +2 dagger, 4
                  | curare-tipped darts, a +0 spear, a potion of lignification,
                  | a +0 robe
     0 | D:1      | Reached XP level 1. HP: 22/22 MP: 1/1
     6 | D:1      | Noticed a polar bear
     7 | D:1      | Noticed a lindwurm
     7 | D:1      | Noticed a swamp drake
   141 | D:1      | Reached skill level 1 in Short Blades
   221 | D:1      | Reached XP level 2. HP: 17/30 MP: 2/2
   484 | D:1      | Reached skill level 2 in Short Blades
   508 | D:1      | Found Weruenenk's Armour Boutique.
   699 | D:1      | Found Zulul's Distillery.
   707 | D:1      | Found Inunnof's Book Shoppe.
   718 | D:1      | Found Dera's Book Shop.
   877 | D:1      | You fall into a shaft and drop 1 floor!
   896 | D:1      | Reached XP level 3. HP: 27/36 MP: 3/3
  1509 | D:2      | Reached skill level 3 in Short Blades
  1834 | D:2      | Noticed Sigmund
  1995 | D:2      | Found a faded altar of an unknown god.
  2108 | D:2      | Reached XP level 4. HP: 38/44 MP: 4/4
  2234 | D:3      | Noticed Ijyb
  2288 | D:3      | Found Boaffoa's Assorted Antiques.
  2393 | D:1      | Bought a +1 tower shield of reflection for 135 gold pieces
  2521 | D:3      | Noticed Jessica
  2529 | D:3      | Killed Jessica
  2933 | D:3      | Found a runed translucent door.
  2934 | D:3      | Noticed Crazy Yiuf
  3738 | D:3      | Reached skill level 1 in Shields
  3738 | D:3      | Reached XP level 5. HP: 41/50 MP: 5/5
  3807 | D:3      | Found a shimmering altar of Xom.
  4292 | D:4      | Found Byakh's Antique Weapon Shoppe.
  4543 | D:4      | Reached skill level 4 in Short Blades
  5484 | D:4      | Found Xucvicim's General Store.
  5883 | D:4      | Reached XP level 6. HP: 31/57 MP: 6/6
  6475 | D:4      | Found Ciaplod's Jewellery Emporium.
  6561 | D:4      | Noticed Dowan
  6630 | D:5      | Entered Level 5 of the Dungeon
  6661 | D:5      | Reached skill level 5 in Stealth
  7867 | D:5      | Found a stormy altar of Qazlal.
  8181 | D:3      | Killed Ijyb
  8405 | D:3      | Found Taritwuu's Armour Boutique.
  8944 | D:4      | Noticed Duvessa
  8976 | D:4      | Killed Duvessa
  8977 | D:4      | Reached XP level 7. HP: 49/64 MP: 7/7
  9133 | D:4      | Killed Dowan
  9134 | D:4      | Reached skill level 5 in Short Blades
  9548 | D:2      | Killed Sigmund
  9688 | D:1      | Bought a potion of might for 52 gold pieces
 10822 | D:6      | Reached skill level 6 in Short Blades
 10822 | D:6      | Reached XP level 8. HP: 66/72 MP: 8/8
 12073 | D:5      | Reached skill level 5 in Shields
 12473 | D:6      | Reached skill level 7 in Short Blades
 13589 | D:7      | Noticed Harold
 13638 | D:7      | Found a staircase to the Ecumenical Temple.
 13645 | Temple   | Entered the Ecumenical Temple
 13710 | Temple   | Became a worshipper of Dithmenos the Shadowed
 13861 | D:7      | Reached XP level 9. HP: 43/78 MP: 9/9
 14092 | D:7      | Reached skill level 8 in Short Blades
 15181 | D:7      | Found Sesoxuc's Antique Weapon Boutique.
 15880 | D:8      | Noticed Gastronok
 16815 | D:9      | Reached skill level 9 in Short Blades
 17750 | D:9      | HP: 2/74 [wight (10)]
 17750 | D:9      | Slain by a wight

Illustrated notes

Levels and vault maps discovered:
D:1:      onia_arrival_zoo_common, layout_rooms, serial_shops,
          nicolae_shop_temple_entry_statues_fountains, nicolae_shop_stone,
          shop_coins, nicolae_shop_statue_plus, amethyst_killhole
D:2:      layout_rooms, hellmonk_ecumenical_altar_inner_sanctum, uniq_sigmund
D:3:      layout_basic, lemuel_coloured_pillars_altar, serial_shops,
          nicolae_shop_crystal, nicolae_lakefront_shop, uniq_crazy_yiuf_cottage,
          uniq_ijyb, uniq_jessica
D:4:      layout_rooms, serial_shops, nicolae_lakefront_shop,
          nicolae_shop_waterfront, shop_fountains, minivault_4,
          minmay_misc_feat_pillars, uniq_duvessa
D:5:      layout_loops_ring, nicolae_qazlal_eye_of_the_storm,
          minmay_misc_feat_encased, minmay_misc_feat_nine_boxes,
          chequers_decorated_corner, grunt_decor_junction, dk_noncrumbling_3
D:6:      layout_basic, minmay_misc_feat_four_crosses
D:7:      layout_basic, temple_statues, serial_shops,
          nicolae_shop_window_shopping, uniq_harold
D:8:      layout_cave_pods, serial_rivers, chequers_serial_rivers_room_a,
          chequers_serial_rivers_room_b, chequers_serial_rivers_large_b,
          chequers_serial_rivers_micro_b, chequers_serial_rivers_room_b,
          uniq_joseph, uniq_gastronok
D:9:      layout_cave_pools, zin_angel
Temple:   eino_temple_lava

Skill      XL: |  1  2  3  4  5  6  7  8  9 |
---------------+----------------------------+-----
Short Blades   | 1 2 3 4 6 7 9 |  9.3
Stealth        | 2 4 5 |  5.0
Shields        | 1 2 3 4 6 7 |  7.4
Fighting       | |  4.0
Axes           | |  1.0
Polearms       | |  2.0
Throwing       | |  1.0
Evocations     | |  1.0

Action                   |  1- 3 |  4- 6 |  7- 9 || total
-------------------------+-------+-------+-------++-------
Melee: Dagger            |    73 |   290 |     7 ||   370
       Short sword       |       |       |   329 ||   329
       Whip              |       |       |    32 ||    32
Throw: Dart              |     1 |       |       ||     1
 Abil: Spit Poison       |    24 |    22 |    10 ||    56
  Use: Potion            |     1 |     1 |     7 ||     9
       Scroll            |       |    17 |     2 ||    19
 Stab: Sleeping          |       |       |     1 ||     1
Armor: Skin              |    22 |       |       ||    22
       Robe              |     8 |    65 |    81 ||   154
Dodge: Dodged            |    34 |    38 |    52 ||   124
Block: Tower shield      |       |   186 |   348 ||   534
       Reflection        |       |     1 |    18 ||    19
